 Dungeon Crawl Stone Soup version 0.23-a0-639-ga9a3373214 (webtiles) character file.

13623 HereIgoKillingAgain the Severer (level 12, -6/107 HPs)
             Began as a Hill Orc Fighter on Dec 29, 2018.
             Was a Priest of the Shining One.
             Engulfed by a cloud of flame (9 damage)
             ... on level 10 of the Dungeon.
             The game lasted 00:10:40 (10376 turns).

HereIgoKillingAgain the Severer (Hill Orc Fighter) Turns: 10376, Time: 00:10:40

Health: -6/107     AC: 13    Str: 24    XL:     12   Next: 8%
Magic:  17/17      EV:  8    Int:  8    God:    the Shining One [***...]
Gold:   650        SH:  9    Dex:  8    Spells: 11/11 levels left

rFire    + . .     SeeInvis .   C - +4 war axe
rCold    + . .     Gourm    .   c - +0 shield
rNeg     + . .     Faith    +   p - +1 ring mail {rPois}
rPois    +         Spirit   .   d - +1 hat
rElec    +         Reflect  .   y - +0 cloak
rCorr    +         Harm     .   q - +1 pair of gloves
MR       +....                  (no boots)
Stlth    ..........             j - amulet of faith
HPRegen  0.27/turn              (no ring)
MPRegen  0.15/turn              h - ring of Megalomania {MR+ Dex-2 Slay+5} (curse)

@: resistant, glowing
A: no striking features
a: Divine Shield, Renounce Religion


You were on level 10 of the Dungeon.
You worshipped the Shining One.
The Shining One was most pleased with you.
You were not hungry.

You visited 1 branch of the dungeon, and saw 12 of its levels.

You collected 650 gold pieces.

Inventory:

Hand Weapons
 a - a +1 war axe
 C - a +4 war axe (weapon)
Armour
 c - a +0 shield (worn)
 d - a +1 hat (worn)
 p - a +1 ring mail of poison resistance (worn)
 q - a +1 pair of gloves (worn)
 y - a +0 cloak (worn)
Jewellery
 h - the cursed ring of Megalomania (right hand) {MR+ Dex-2 Slay+5}
   (You found it on level 5 of the Dungeon)

   [ring of dexterity]

   It affects your dexterity (-2).
   It affects your accuracy and damage with ranged weapons and melee attacks
   (+5).
   It affects your resistance to hostile enchantments.
   It has a curse placed upon it.
 j - an amulet of faith (around neck)
Wands
 t - a wand of iceblast (2)
 z - a wand of polymorph (6)
Scrolls
 g - 4 scrolls of remove curse
 i - 3 scrolls of random uselessness {unknown}
 k - 7 scrolls of identify
 l - 2 scrolls of magic mapping
 n - 4 scrolls of teleportation
 r - 4 scrolls of amnesia
 s - 2 scrolls of enchant weapon
 w - a scroll of fear {unknown}
 A - a scroll of fog
 B - a scroll of immolation
Potions
 b - 2 potions of magic
 e - a potion of agility
 o - a potion of resistance
 u - 2 potions of invisibility {unknown}
 v - a potion of ambrosia
Comestibles
 f - 16 rations


   Skills:
 * Level 10.4 Fighting
 + Level 17.3 Axes
 * Level 9.5 Armour
 - Level 3.2 Shields
 + Level 7.3 Invocations


You had 11 spell levels left.
You didn't know any spells.
Your spell library contained the following spells:

 Spells                   Type           Power        Failure   Level  Hunger
 Apportation              Tloc           #.....       96%         1    ##.....
 Summon Butterflies       Summ           #.......     96%         1    ##.....
 Summon Small Mammal      Summ           #...         96%         1    ##.....
 Call Imp                 Summ           #.......     99%         2    ###....
 Call Canine Familiar     Summ           #.......     100%        3    ####...
 Lesser Beckoning         Tloc           #.........   100%        3    ####...
 Summon Guardian Golem    Hex/Summ       #.......     100%        3    ####...
 Tukima's Dance           Hex            #.......     100%        3    ####...
 Summon Ice Beast         Ice/Summ       #.......     100%        4    #####..
 Summon Lightning Spire   Summ/Air       #.......     100%        4    #####..
 Alistair's Intoxication  Tmut/Pois      #.......     100%        5    ######.
 Invisibility             Hex            #.......     100%        6    #######


Dungeon Overview and Level Annotations

Branches:
Dungeon (12/15)            Temple (0/1) D:6            Lair (0/6) D:8
    Orc (0/2) D:9

Altars:
Ashenzari
Dithmenos
Fedhas
Hepliaklqana
Okawaru
Qazlal
Ru
Sif Muna
Trog
Uskayaw
Wu Jian
Xom
The Shining One

Portals:
Trove: D:10 (give 8 potions of agility)

Annotations:
D:7 1 runed door, temitten's ghost, novice MfMo


Message History

* * * LOW HITPOINT WARNING * * *
Unknown command.
You feel protected.
You are engulfed in blazing flames.
You resist.
* * * LOW HITPOINT WARNING * * *
You block the fire crab's attack. x2
Unknown command.
You feel better.
You are engulfed in blazing flames.
You resist.
* * * LOW HITPOINT WARNING * * *
The fire crab breathes flames at you. The blast of flame engulfs you!
Unknown command.
You feel better.
You are engulfed in blazing flames.
You resist.
* * * LOW HITPOINT WARNING * * *
The fire crab breathes flames at you. The blast of flame engulfs you!
You slash the fire crab!
You kill the fire crab!
You are engulfed in blazing flames.
You resist.
You die...

..#### ###
######...#...#...≈. ..#
..####.##.#.'...≈. ..#
#÷##...##.###...§. ..#
#.#.###.#...#...§. ..# #.#.#
#.....##.... ###
#.#.###.###.##.... .##
#.#..........##... #.#
#†##..#####.#####. ###
#@#...# #.# ## #.##..# #.#
### ###'##..# #.# ####.#
#)......# #.#
...#.#########.####..#####.#
##...................>.....#
.....######.##.#############
.........[..##.#
.##########.##.#


There were no monsters in sight!

Vanquished Creatures
  Gastronok (D:9)
  A two-headed ogre (D:10)
  3 death yaks
  A fire crab (D:10)
  An ugly thing (D:11)
  A centaur zombie (D:10)
  A troll (D:11)
  3 hippogriffs
  A spriggan (D:7)
  A wraith (D:10)
  7 yaks
  2 hungry ghosts
  A soldier ant (D:10)
  2 porcupines
  2 phantoms
  5 ice beasts
  7 orc warriors
  A hornet zombie (D:11)
  A necrophage (D:9)
  An eye of draining (D:8)
  4 black bears
  6 ogres
  3 sky beasts
  4 centaurs
  3 big kobolds
  3 bullfrogs
  4 scorpions
  9 killer bees
  4 crimson imps
  A quasit (D:6)
  8 orc priests
  9 orc wizards
  5 hounds
  4 centaur skeletons
  An iguana (D:10)
  A bullfrog skeleton (D:5)
  Terence (D:3)
  9 worker ants
  A worker ant zombie (D:5)
  3 gnolls
  7 adders
  3 river rats
  An ooze (D:6)
  An adder zombie (D:8)
  3 adder skeletons
  3 worms (D:2)
  3 dart slugs
  4 leopard geckos
  39 orcs
  7 bats
  4 giant cockroaches
  10 goblins
  8 hobgoblins
  3 jackals (D:7)
  7 quokkas
  A ball python (D:4)
  4 frilled lizards
  21 kobolds
  A leopard gecko skeleton (D:9)
  A quokka skeleton (D:8)
  2 quokka zombies
  5 rats
264 creatures vanquished.

Notes
Turn   | Place    | Note
-------+----------+-------------------------------------------
     0 | D:1      | HereIgoKillingAgain the Hill Orc Fighter began the quest
                  | for the Orb.
     0 | D:1      | Reached XP level 1. HP: 19/19 MP: 1/1
    25 | D:1      | Reached skill level 3 in Axes
    70 | D:1      | Reached XP level 2. HP: 22/26 MP: 2/2
   135 | D:1      | Reached skill level 4 in Axes
   180 | D:1      | Reached XP level 3. HP: 25/31 MP: 3/3
   645 | D:1      | Reached skill level 5 in Axes
   760 | D:2      | Found a shadowy altar of Dithmenos.
   879 | D:2      | Reached XP level 4. HP: 39/39 MP: 4/4
   946 | D:2      | Found an iron altar of Okawaru.
   952 | D:2      | Reached skill level 6 in Axes
  1814 | D:3      | Reached XP level 5. HP: 43/45 MP: 5/5
  1970 | D:3      | Noticed Terence
  1978 | D:3      | Killed Terence
  1978 | D:3      | Reached skill level 7 in Axes
  2384 | D:3      | Found a hide-covered altar of Uskayaw.
  2384 | D:3      | Found a bloodstained altar of Trog.
  2384 | D:3      | Found a shimmering altar of Xom.
  2384 | D:3      | Found a sacrificial altar of Ru.
  2391 | D:3      | Found a deep blue altar of Sif Muna.
  2391 | D:3      | Found a hazy altar of Hepliaklqana.
  2486 | D:4      | Reached skill level 8 in Axes
  2486 | D:4      | Reached XP level 6. HP: 42/51 MP: 6/6
  2511 | D:4      | Reached skill level 9 in Axes
  2756 | D:4      | Reached XP level 7. HP: 41/57 MP: 7/7
  2996 | D:5      | Entered Level 5 of the Dungeon
  3002 | D:5      | Got a faintly glowing turquoise ring
  3015 | D:5      | Reached skill level 10 in Axes
  3076 | D:5      | Identified the cursed ring of Megalomania {MR+ Dex-2
                  | Slay+5} (You found it on level 5 of the Dungeon)
  3274 | D:5      | Reached skill level 11 in Axes
  3382 | D:5      | Found a glowing golden altar of the Shining One.
  3425 | D:5      | Reached XP level 8. HP: 59/64 MP: 8/8
  3617 | D:5      | Became a worshipper of the Shining One
  3795 | D:5      | Reached skill level 12 in Axes
  3968 | D:6      | Found a shadowy altar of Dithmenos.
  4060 | D:6      | Reached skill level 13 in Axes
  4429 | D:6      | Found a staircase to the Ecumenical Temple.
  4434 | D:6      | Noticed a hippogriff
  4442 | D:6      | Killed a hippogriff
  4442 | D:6      | Reached skill level 14 in Axes
  4442 | D:6      | Reached XP level 9. HP: 43/70 MP: 9/9
  4736 | D:7      | Found a shattered altar of Ashenzari.
  4968 | D:7      | Reached skill level 15 in Axes
  5196 | D:7      | Reached * piety under the Shining One
  5367 | D:7      | Found a runed door.
  5627 | D:7      | Noticed temitten's ghost (novice MfMo)
  5713 | D:7      | Got a fine mace
  5714 | D:7      | Identified the +4 mace "Plog" {elec, Fragile rF++} (You
                  | found it on level 7 of the Dungeon)
  5718 | D:7      | Found an ornate altar of the Wu Jian Council.
  5902 | D:7      | Reached skill level 16 in Axes
  6104 | D:8      | Noticed a death yak
  6109 | D:8      | Noticed a death yak
  6118 | D:7      | Killed a death yak
  6118 | D:7      | Reached skill level 5 in Fighting
  6118 | D:7      | Reached XP level 10. HP: 23/81 MP: 9/11
  6372 | D:8      | Noticed a death yak
  6536 | D:8      | Found a blossoming altar of Fedhas.
  6541 | D:8      | Reached skill level 5 in Armour
  6682 | D:8      | Found a stormy altar of Qazlal.
  6711 | D:8      | Found a staircase to the Lair.
  6803 | D:8      | Killed a death yak
  6813 | D:8      | Killed a death yak
  7341 | D:9      | You fall through a shaft for 3 floors!
  7346 | D:12     | Noticed an unseen horror
  7346 | D:12     | Reached ** piety under the Shining One
  7699 | D:11     | Reached XP level 11. HP: 41/93 MP: 14/14
  7702 | D:11     | Reached skill level 5 in Invocations
  7948 | D:10     | Entered Level 10 of the Dungeon
  8077 | D:10     | Noticed a two-headed ogre
  8088 | D:10     | Killed a two-headed ogre
  8287 | D:9      | Noticed Gastronok
  8294 | D:9      | Killed Gastronok
  8294 | D:9      | Reached skill level 17 in Axes
  8395 | D:9      | Reached *** piety under the Shining One
  9029 | D:9      | Found a staircase to the Orcish Mines.
  9574 | D:10     | Reached skill level 10 in Fighting
  9584 | D:10     | Reached **** piety under the Shining One
  9648 | D:10     | Found a runed door.
  9926 | D:10     | Found a portal to a secret trove of treasure.
 10012 | D:11     | Noticed a red ugly thing
 10026 | D:11     | Killed a red ugly thing
 10026 | D:11     | Reached XP level 12. HP: 18/106 MP: 13/17
 10373 | D:10     | HP: 1/106 [fire crab] (11)]
 10376 | D:10     | Engulfed by a cloud of flame

Vault maps used:
D:1:      dpeg_arrival_shrine
D:2:      old_standard_altar, okawaru_altar_gauntlet_db
D:3:      minmay_overflow_temple_hex, due_unseen_surprise, uniq_terence
D:4:      hex_large
D:5:      tso_metal_star, first_ration, kennysheep_generic_room_3
D:6:      minmay_temple_entry_nine_rooms,
          nicolae_dithmenos_through_a_glass_darkly
D:7:      lemuel_doored_altar, kennysheep_little_box,
          ebering_ghost_reflecting_pool, the_bakery
D:8:      fedhas_altar_1, grunt_qazlal_clouds, dpeg_lair_monsters, nrook_uturn,
          kennysheep_another_room
D:9:      david_orc_4, uniq_gastronok
D:10:     gammafunk_mikee_crab_dinner, nicolae_trove_entry_diagonal,
          grunt_potential
D:11:     fungi_pond_lemuel, dk_noncrumbling_4
D:12:     minmay_three_doors

Skill      XL: |  1  2  3  4  5  6  7  8  9 10 11 |
---------------+----------------------------------+-----
Axes           | 3 4 5 6 8 9 11 14 16 17 | 17.3
Fighting       | 5 7 10 | 10.4
Armour         | 4 7 9 |  9.5
Invocations    | 2 4 7 |  7.3
Shields        | |  3.2

Action                   |  1- 3 |  4- 6 |  7- 9 | 10-12 || total
-------------------------+-------+-------+-------+-------++-------
Melee: War axe           |    78 |   121 |   201 |    19 ||   419
       Mace              |       |       |    30 |   226 ||   256
Invok: Divine Shield     |       |       |       |     2 ||     2
Evoke: Wand              |       |       |     4 |    11 ||    15
  Use: Scroll            |       |       |    15 |     4 ||    19
       Potion            |       |       |     2 |    12 ||    14
  Eat: Chunk             |       |     4 |     4 |     5 ||    13
       Ration            |       |     1 |     1 |     4 ||     6
Armor: Scale mail        |    31 |    45 |    13 |       ||    89
       Ring mail         |       |       |    84 |   104 ||   188
       Skin              |       |       |       |     7 ||     7
Dodge: Dodged            |    21 |    48 |    61 |    73 ||   203
Block: Shield            |    36 |    54 |    89 |   131 ||   310

Table legend:
 A = Non-vault XP
 B = Vault XP
 C = Vault XP percentage of total XP
 D = Non-vault monster count
 E = Vault monster count
 F = Vault count percentage of total count
                 A         B        C        D         E       F
            +---------+---------+-------+---------+---------+-------
      Total |   10684 |    8778 |  45.1 |     215 |      49 |  18.6
            +---------+---------+-------+---------+---------+-------
        D:1 |      53 |       0 |   0.0 |      23 |       0 |   0.0
        D:2 |      75 |      36 |  32.4 |      17 |       6 |  26.1
        D:3 |      98 |      36 |  26.9 |      18 |       1 |   5.3
        D:4 |     397 |       0 |   0.0 |      21 |       0 |   0.0
        D:5 |     616 |     115 |  15.7 |      17 |       1 |   5.6
        D:6 |    1069 |       0 |   0.0 |      11 |       0 |   0.0
        D:7 |    1604 |    1283 |  44.4 |      39 |       6 |  13.3
        D:8 |     859 |    1907 |  68.9 |      18 |       4 |  18.2
        D:9 |    1306 |    2909 |  69.0 |      20 |      16 |  44.4
       D:10 |    2442 |    2492 |  50.5 |      17 |      15 |  46.9
       D:11 |    1925 |       0 |   0.0 |      10 |       0 |   0.0
       D:12 |     240 |       0 |   0.0 |       4 |       0 |   0.0
            +---------+---------+-------+---------+---------+-------
